 Dungeon Crawl Stone Soup version 0.23.2-40-g277498a001 (webtiles) character file.

Game seed: 5762873004147117256

892781 DildoBatman the Petrodigitator (level 27, -13/192 HPs)
             Began as a Formicid Wizard on Oct 17, 2019.
             Was an Initiate of Gozag.
             Killed from afar by Obroirel the pandemonium lord (14 damage)
             ... with a bolt of acid
             ... on level 17 of a ziggurat.
             The game lasted 06:10:05 (65035 turns).

DildoBatman the Petrodigitator (Formicid Wizard)   Turns: 65035, Time: 06:10:05

Health: -13/192    AC: 37    Str: 12    XL:     27
Magic:  16/54      EV: 19    Int: 27    God:    Gozag
Gold:   18097      SH: 27    Dex: 21    Spells: 1/63 levels left

rFire    + + +     SeeInvis +   b - staff of wizardry
rCold    + + +     Gourm    .   J - +8 large shield {rF+}
rNeg     + + +     Faith    .   o - +4 troll leather armour
rPois    ∞         Spirit   .   (helmet unavailable)
rElec    +         Reflect  .   l - +2 cloak of Maixt {+Fly rF+}
rCorr    +         Harm     .   I - +3 pair of gloves of the Turtledove {Regen+ rCorr Str-2 Slay-3}
MR       +++..     Clarity  +   y - +0 pair of boots of the Guardian {rElec Dex+7}
Stlth    +++++++...             m - amulet of magic regeneration
HPRegen  1.22/turn              e - ring "Taiwn" {+Inv rC+ AC+4 SInv}
MPRegen  0.59/turn              X - ring of Gailunge {*Drain rC+ MP+9 Dex+5}

@: icy armour, lich-form, tornado, gold aura, flying (expiring)
A: permanent stasis, dig shafts and tunnels, four strong arms, antennae 3,
clarity, dopey 1, fire resistance 1, electricity resistance
}: 4/15 runes: decaying, serpentine, silver, golden
a: Dig, Shaft Self, End Transformation, Potion Petition, Call Merchant, Bribe
Branch, Renounce Religion, Evoke Invisibility


You were on level 17 of a ziggurat.
You worshipped Gozag.
Gozag was extremely pleased with you.
You were not hungry.
You were a lich.
You visited 10 branches of the dungeon, and saw 46 of its levels.
You visited the Abyss 1 time.
You visited 2 ziggurats (completing 1), and saw 44 of their levels.
You also visited: Trove, Ossuary, Gauntlet and Ice Cave.

You collected 40305 gold pieces.
You spent 8578 gold pieces at shops.
You paid 13630 gold pieces to Gozag.

Inventory:

Hand Weapons
 c - the +3 Elemental Staff {rElec rF++ rC++ MR++ AC+5}
   (You found it on level 21 of a ziggurat)

   It affects your AC (+5).
   It greatly protects you from fire.
   It greatly protects you from cold.
   It insulates you from electricity.
   It affects your resistance to hostile enchantments.
 w - the +8 lance "Wyrmbane" {slay drac, rPois rF+ rC+ AC+3}
   (You found it on level 14 of a ziggurat)

   It affects your AC (+3).
   It protects you from fire.
   It protects you from cold.
   It protects you from poison.
Missiles
 d - 17 javelins of returning (quivered)
 g - 11 steel javelins
 i - 30 javelins of penetration
 A - 9 poisoned javelins
 B - 20 throwing nets
Armour
 l - the +2 cloak of Maixt (worn) {+Fly rF+}
   (You bought it in a shop on level 1 of the Tomb of the Ancients)

   It protects you from fire.
   It lets you fly.
 o - a +4 troll leather armour (worn)
 y - the +0 pair of boots of the Guardian (worn) {rElec Dex+7}
   (You found it in a Gauntlet)

   It affects your dexterity (+7).
   It insulates you from electricity.
 I - the +3 pair of gloves of the Turtledove (worn) {Regen+ rCorr Str-2 Slay-3}
   (You found it in a Gauntlet)

   It affects your strength (-2).
   It affects your accuracy and damage with ranged weapons and melee attacks
   (-3).
   It increases your rate of regeneration.
   It provides partial protection from all sources of acid and corrosion.
 J - a +8 large shield of fire resistance (worn)
Magical Staves
 a - an uncursed staff of energy
 b - an uncursed staff of wizardry (weapon)
Jewellery
 e - the ring "Taiwn" (left hand) {+Inv rC+ AC+4 SInv}
   (You found it on level 18 of a ziggurat)

   [ring of protection]

   It affects your AC (+4).
   It protects you from cold.
   It lets you see invisible.
   It lets you turn invisible.
 m - an amulet of magic regeneration (around neck)
 X - the ring of Gailunge (right hand) {*Drain rC+ MP+9 Dex+5}
   (You found it on level 14 of a ziggurat)

   [ring of dexterity]

   It affects your dexterity (+5).
   It protects you from cold.
   It affects your magic capacity (+9).
   It causes draining when unequipped.
Wands
 N - a wand of iceblast (58)
 R - a wand of scattershot (2)
 S - a wand of clouds (14)
 T - a wand of acid (45)
Scrolls
 x - 37 scrolls of remove curse
 z - 28 scrolls of identify
 E - 10 scrolls of immolation
 L - 6 scrolls of amnesia
 M - 30 scrolls of fog
 U - 7 scrolls of summoning
 V - 13 scrolls of holy word
 Y - 4 scrolls of enchant armour
Potions
 f - 2 potions of cancellation
 j - 16 potions of curing
 n - 11 potions of might
 p - 8 potions of brilliance
 q - 18 potions of mutation
 u - a potion of magic
 F - 5 potions of resistance
 G - 11 potions of agility
 O - 13 potions of heal wounds
 Q - 6 potions of ambrosia
Miscellaneous
 h - a phial of floods
 k - 10 phantom mirrors
 r - a fan of gales (inert)
 s - a lamp of fire
 t - a lightning rod (4/4)
 C - a lamp of fire
 D - 6 sacks of spiders
 H - a fan of gales (inert)
 K - 10 boxes of beasts
 P - a crystal ball of energy
 W - a phial of floods
Comestibles
 v - 39 rations


   Skills:
 * Level 10.5 Fighting
 * Level 10.6 Armour
 * Level 8.6 Dodging
 - Level 16.6 Stealth
 * Level 15.4 Shields
 * Level 18.9 Spellcasting
   Level 6.0 Conjurations
 - Level 10.0 Hexes
 - Level 6.0 Charms
 - Level 16.7 Summonings
 - Level 19.0 Necromancy
   Level 0.8 Translocations
 - Level 22.5 Transmutations
 - Level 18.4 Fire Magic
 O Level 27 Air Magic
 O Level 27 Earth Magic
 * Level 12.4 Evocations


You had one spell level left.
You knew the following spells:

 Your Spells              Type           Power        Failure   Level  Hunger
a - Borgnjor's Vile Clut  Necr/Erth      ########..   0%          5    N/A
b - Shatter               Erth           ########..   1%          9    N/A
c - Tornado               Air            ########..   1%          9    N/A
d - Necromutation         Tmut/Necr      ########..   1%          8    N/A
e - Ignition              Fire           #######...   2%          8    N/A
f - Regeneration          Chrm/Necr      #######...   1%          3    N/A
g - Darkness              Hex            ######....   2%          6    N/A
h - Ozocubu's Armour      Chrm/Ice       #####...     1%          3    N/A
i - Aura of Abjuration    Summ           #######...   1%          5    N/A
j - Deflect Missiles      Chrm/Air       #######...   1%          6    N/A

Your spell library contained the following spells:

 Spells                   Type           Power        Failure   Level  Hunger
 Animate Skeleton         Necr           N/A          0%          1    N/A
 Beastly Appendage        Tmut           ######       0%          1    N/A
 Flame Tongue             Conj/Fire      #####        0%          1    N/A
 Pain                     Necr           ####         0%          1    N/A
 Sandblast                Erth           ######       0%          1    N/A
 Shock                    Conj/Air       ####         0%          1    N/A
 Summon Butterflies       Summ           #######.     0%          1    N/A
 Summon Small Mammal      Summ           ####         0%          1    N/A
 Apportation              Tloc           ####..       1%          1    N/A
 Confusing Touch          Hex            ######       1%          1    N/A
 Corona                   Hex            ######.      1%          1    N/A
 Freeze                   Ice            ####         1%          1    N/A
 Infusion                 Chrm           ####         1%          1    N/A
 Magic Dart               Conj           ####         1%          1    N/A
 Sting                    Conj/Pois      ####         1%          1    N/A
 Call Imp                 Summ           #######.     0%          2    N/A
 Corpse Rot               Necr           N/A          0%          2    N/A
 Passwall                 Tmut/Erth      ########     0%          2    N/A
 Poisonous Vapours        Pois/Air       ######       0%          2    N/A
 Sticks to Snakes         Tmut           #######.     0%          2    N/A
 Sublimation of Blood     Necr           ########..   0%          2    N/A
 Swiftness                Chrm/Air       #######.     0%          2    N/A
 Call Canine Familiar     Summ           #######.     0%          3    N/A
 Ignite Poison            Fire/Tmut/Pois #######.     0%          3    N/A
 Inner Flame              Hex/Fire       #######.     0%          3    N/A
 Static Discharge         Conj/Air       #######.     0%          3    N/A
 Stone Arrow              Conj/Erth      ######       0%          3    N/A
 Vampiric Draining        Necr           ########..   0%          3    N/A
 Airstrike                Air            ########..   0%          4    N/A
 Animate Dead             Necr           N/A          0%          4    N/A
 Leda's Liquefaction      Hex/Erth       #######...   0%          4    N/A
 Petrify                  Tmut/Erth      ########     0%          4    N/A
 Summon Lightning Spire   Summ/Air       #######.     0%          4    N/A
 Blade Hands              Tmut           #######...   0%          5    N/A
 Lee's Rapid Deconstruct  Erth           ########..   0%          5    N/A
 Statue Form              Tmut/Erth      ########.    0%          6    N/A
 Ensorcelled Hibernation  Hex/Ice        ######       1%          2    N/A
 Searing Ray              Conj           ######       1%          2    N/A
 Shroud of Golubria       Chrm/Tloc      #####.....   1%          2    N/A
 Slow                     Hex            ######..     1%          2    N/A
 Song of Slaying          Chrm           ######..     1%          2    N/A
 Throw Frost              Conj/Ice       #####.       1%          2    N/A
 Confuse                  Hex            ######..     1%          3    N/A
 Conjure Flame            Conj/Fire      #######.     1%          3    N/A
 Dazzling Spray           Conj/Hex       ######       1%          3    N/A
 Gell's Gravitas          Tloc           ####......   1%          3    N/A
 Lesser Beckoning         Tloc           ####......   1%          3    N/A
 Mephitic Cloud           Conj/Pois/Air  ######..     1%          3    N/A
 Portal Projectile        Hex/Tloc       ######       1%          3    N/A
 Recall                   Summ/Tloc      N/A          1%          3    N/A
 Spectral Weapon          Hex/Chrm       ######..     1%          3    N/A
 Spider Form              Tmut/Pois      ######....   1%          3    N/A
 Summon Guardian Golem    Hex/Summ       #######.     1%          3    N/A
 Teleport Other           Tloc           ####....     1%          3    N/A
 Tukima's Dance           Hex            ######..     1%          3    N/A
 Cause Fear               Hex            ######....   1%          4    N/A
 Force Lance              Conj/Tloc      #####...     1%          4    N/A
 Fulminant Prism          Conj/Hex       ######....   1%          4    N/A
 Ice Form                 Ice/Tmut       ######..     1%          4    N/A
 Iskenderun's Mystic Bla  Conj           ######..     1%          4    N/A
 Sticky Flame             Conj/Fire      #######.     1%          4    N/A
 Summon Ice Beast         Ice/Summ       ######..     1%          4    N/A
 Agony                    Necr           ########     1%          5    N/A
 Alistair's Intoxication  Tmut/Pois      ######..     1%          5    N/A
 Bolt of Draining         Conj/Necr      #######...   1%          5    N/A
 Bolt of Magma            Conj/Fire/Erth #######...   1%          5    N/A
 Dispel Undead            Necr           ########     1%          5    N/A
 Excruciating Wounds      Chrm/Necr      #######...   1%          5    N/A
 Fireball                 Conj/Fire      #######...   1%          5    N/A
 Irradiate                Conj/Tmut      #######...   1%          5    N/A
 Iskenderun's Battlesphe  Conj/Chrm      ######..     1%          5    N/A
 Lightning Bolt           Conj/Air       #######...   1%          5    N/A
 Silence                  Hex/Air        #######...   1%          5    N/A
 Summon Demon             Summ           #######...   1%          5    N/A
 Summon Forest            Summ/Tloc      ######....   1%          5    N/A
 Summon Mana Viper        Hex/Summ       #######.     1%          5    N/A
 Yara's Violent Unravell  Hex/Tmut       #######...   1%          5    N/A
 Bolt of Fire             Conj/Fire      #######...   1%          6    N/A
 Conjure Ball Lightning   Conj/Air       #######...   1%          6    N/A
 Death Channel            Necr           ########..   1%          6    N/A
 Freezing Cloud           Conj/Ice/Air   ######....   1%          6    N/A
 Hydra Form               Tmut           #######...   1%          6    N/A
 Iron Shot                Conj/Erth      #######...   1%          6    N/A
 Shadow Creatures         Summ           N/A          1%          6    N/A
 Dragon Form              Tmut           #######...   1%          7    N/A
 Haunt                    Necr/Summ      ########..   1%          7    N/A
 Monstrous Menagerie      Summ           #######...   1%          7    N/A
 Summon Greater Demon     Summ           #######...   1%          7    N/A
 Summon Hydra             Summ           #######...   1%          7    N/A
 Throw Icicle             Conj/Ice       #####...     2%          4    N/A
 Invisibility             Hex            ######..     2%          6    N/A
 Simulacrum               Ice/Necr       #######...   2%          6    N/A
 Borgnjor's Revivificati  Necr           ########..   2%          8    N/A
 Infestation              Necr           ########..   2%          8    N/A
 Metabolic Englaciation   Hex/Ice        ######....   3%          5    N/A
 Ring of Flames           Chrm/Fire      #######...   4%          7    N/A
 Passage of Golubria      Tloc           N/A          6%          4    N/A
 Chain Lightning          Conj/Air       #######...   6%          8    N/A
 Lehudib's Crystal Spear  Conj/Erth      #######...   6%          8    N/A
 Summon Horrible Things   Summ           #######...   6%          8    N/A
 Venom Bolt               Conj/Pois      #####.....   7%          5    N/A
 Spellforged Servitor     Conj/Summ      ######....   7%          7    N/A
 Olgreb's Toxic Radiance  Pois           ####....     9%          4    N/A
 Malign Gateway           Summ/Tloc      ######....   19%         7    N/A
 Death's Door             Chrm/Necr      #######...   32%         8    N/A
 Bolt of Cold             Conj/Ice       #####.....   34%         6    N/A
 Poison Arrow             Conj/Pois      #####.....   34%         6    N/A
 Orb of Destruction       Conj           ######....   50%         7    N/A
 Dragon's Call            Summ           #######...   61%         9    N/A
 Dispersal                Tloc           ####......   63%         6    N/A
 Discord                  Hex            ######....   65%         8    N/A
 Ozocubu's Refrigeration  Ice            ####......   75%         6    N/A
 Fire Storm               Conj/Fire      #######...   99%         9    N/A
 Disjunction              Tloc           ####......   100%        8    N/A
 Glaciate                 Conj/Ice       #####.....   100%        9    N/A
 Blink                    Tloc           Unusable     N/A         2    N/A
 Controlled Blink         Tloc           Unusable     N/A         8    N/A

Dungeon Overview and Level Annotations

Branches:
Dungeon (15/15)            Temple (1/1) D:6            Lair (6/6) D:10
  Swamp (4/4) Lair:3        Snake (4/4) Lair:4        Slime (0/5) Lair:6
    Orc (2/2) D:11            Elf (3/3) Orc:2        Vaults (5/5) D:13
  Crypt (3/3) Vaults:2       Tomb (3/3) Crypt:3      Depths (0/5) D:15

Altars:
Ashenzari
Cheibriados
Dithmenos
Elyvilon
Fedhas
Gozag
Hepliaklqana
Kikubaaqudgha
Makhleb
Nemelex Xobeh
Okawaru
Qazlal
Ru
Sif Muna
Trog
Uskayaw
Vehumet
Wu Jian
Xom
Yredelemnul
Zin
The Shining One
Beogh

Shops:
Orc:1 *   Orc:2 (([*   Elf:3 }((?}   Snake:2 *   Snake:3 =   Vaults:2 %
Tomb:1 [=**


Innate Abilities, Weirdness & Mutations

You cannot be hasted, slowed, berserked, paralysed or teleported.
You can dig through walls and to a lower floor.
Your four strong arms can wield two-handed weapons with a shield.
You have a pair of large antennae on your head. (SInv)
You possess an exceptional clarity of mind.
You are dopey. (Int -2)
Your flesh is heat resistant. (rF+)
You are resistant to electric shocks. (rElec)


Message History

The apocalypse crab is moderately wounded.
The fireball engulfs Zojafut!
Zojafut is heavily wounded.
The fireball engulfs the tentacled monstrosity.
The tentacled monstrosity resists.
The tentacled monstrosity is severely wounded.
The fireball engulfs Esuac!
Esuac resists.
Esuac is heavily wounded.
Cofea hits you!! Cofea burns you. Acoon hits you!!
Feawercha becomes distracted by the nearby gold, dreaming of imaginary riches.
The apocalypse crab becomes distracted by the nearby gold, dreaming of imaginary riches.
Zojafut gestures.
Obroirel gestures at you. The bolt of acid hits you! You resist.
You die...
Your body crumbles into a pile of gold.

▓▓.......
▓▓....$...
▓▓..§§.....
▓▓§§§§§2.... $
▓▓§X§§§§.t§G.
▓▓§§§&§§§.&§..
$
▓▓§§&§§§X§.X...
▓§§§§L§§§§&DC..
▓▓§§§§&§§§&$$..
▓▓§§§§§§§&....
$ ▓▓§§§§§§..2..
▓▓§§§§§.....
▓▓........p
▓▓........
▓▓.......


You could see an iron giant, Acoon, Cofea (mute), Esuac, Feawercha (unaware),
Joucseh (invisible), Obroirel, Zojafut (invisible), a shadow dragon, 2 tentacled
monstrosities, a lorocyproca (invisible), a shadow demon, an apocalypse crab
(unaware) and a large abomination.

Vanquished Creatures
  Khufu (Tomb:3)
  6 ancient liches
  5 juggernauts
  36 greater mummies
  8 shard shrikes
  Boris (Tomb:2)
  the Lernaean hydra (Swamp:4)
  10 Killer Klowns
  Saint Roka (Vaults:2)
  6 caustic shrikes
  2 profane servitors
  Nikola (Elf:3)
  Jory (Crypt:3)
  2 golden dragons
  4 bone dragons
  8 electric golems (Zig:12)
  10 liches
  7 iron giants
  A shard shrike zombie (Crypt:1)
  3 Brimstone Fiends
  6 tentacled monstrosities
  18 deep elf blademasters
  9 Hell Sentinels
  7 titans
  14 Ice Fiends
  Asterion (Snake:1)
  9 deep elf master archers
  An Executioner (Zig:5)
  15 acid blobs
  A sphinx (shapeshifter) (Zig:17)
  11 sphinxes
  5 tentacled starspawn
  Kirke (Lair:4)
  5 tengu reavers
  10 ancient champions
  Agnes (Elf:2)
  9 storm dragons
  3 shadow dragons
  8 revenants
  Roxanne (Elf:2)
  11 azure jellies
  A fire giant (Vaults:4)
  6 draconian monks
  The ghost of grindst0ne the Spear-Bearer, an adept GnWn of Okawaru (Snake:1)
  20 nagarajas
  A daeva (Zig:20)
  2 azure jellies (shapeshifter) (Zig:17)
  2 iron dragons
  15 draconian knights
  8 draconian scorchers (Zig:25)
  A corrupter (Zig:20)
  8 emperor scorpions
  The ghost of Mesuenwa the Eclecticist, an adept DEWz of Sif Muna (Snake:4)
  Aizul (Swamp:4)
  7 frost giants
  9 ghouls
  9 draconian shifters
  20 vault wardens
  2 caustic shrike zombies
  A frost giant (shapeshifter) (Zig:7)
  A balrug (Zig:13)
  5 deep elf elementalists
  11 orc warlords
  20 ghost moths
  A cacodemon (Zig:20)
  5 deep elf sorcerers
  2 curse skulls
  2 juggernaut zombies (Zig:23)
  A warmonger (Zig:5)
  4 pandemonium lords
  2 juggernaut skeletons (Zig:23)
  16 ironheart preservers
  5 very ugly things
  4 draconian annihilators (Zig:25)
  21 deep elf demonologists
  29 stone giants
  5 draconian stormcallers (Zig:25)
  A caustic shrike skeleton (Zig:11)
  9 reapers
  10 war gargoyles
  27 entropy weavers
  5 green draconians
  10 vampire knights
  Nessos (Orc:2)
  10 bennus
  2 black draconians (Zig:25)
  4 red draconians
  Azrael (Snake:1)
  3 purple draconians
  20 deep elf annihilators
  4 white draconians (Zig:25)
  3 yellow draconians
  9 spark wasps
  A minotaur (shapeshifter) (Zig:17)
  A minotaur (Gauntlet)
  10 deep elf death magi
  Snorg (D:14)
  6 ettins
  4 crystal guardians
  6 eidola
  2 quicksilver dragon zombies
  4 death oozes
  8 merfolk javelineers
  10 merfolk impalers
  8 blizzard demons
  26 mummy priests
  A fire dragon (Zig:4)
  33 vault guards
  26 jiangshi
  14 deep elf high priests
  9 yaktaur captains
  4 great orbs of eyes
  29 hydras
  11 ice dragons
  A hell beast (Gauntlet)
  16 ogre magi
  2 spriggan air magi (Zig:12)
  A quicksilver dragon skeleton (Tomb:2)
  18 naga warriors
  2 ghost crabs
  4 rakshasas
  6 shambling mangroves
  5 merfolk avatars
  7 death knights
  5 anacondas
  An alligator snapping turtle (shapeshifter) (Zig:7)
  7 centaur warriors
  2 alligator snapping turtles (Zig:16)
  The ghost of Doot the Unseen, a journeyman SpEn (Lair:4)
  2 catoblepae
  3 deep troll earth magi
  4 satyrs
  6 merfolk aquamancers
  39 two-headed ogres
  9 alligators
  54 death scarabs
  2 deep troll shamans (Vaults:5)
  14 vampire magi
  3 hell hogs
  5 thrashing horrors (Zig:20)
  5 death yaks (Lair:4)
  14 orc high priests
  23 naga sharpshooters
  Sonja (D:11)
  A storm dragon zombie (Zig:23)
  11 shock serpents
  3 soul eaters
  2 titan zombies (Zig:23)
  4 hell knights
  6 iron golems (Zig:24)
  8 shadow wraiths
  2 titan skeletons
  A fire crab (Lair:6)
  3 iron trolls
  A storm dragon skeleton (Zig:23)
  A sixfirhy (Zig:20)
  37 deep elf knights
  A spatial maelstrom (Zig:4)
  33 skeletal warriors
  3 wretched stars
  A death drake (Zig:10)
  2 unseen horrors (D:15)
  3 golden dragon zombies
  A death drake (shapeshifter) (Zig:17)
  12 swamp dragons
  4 spriggan druids
  12 deep trolls
  3 obsidian statues
  12 sea snakes
  8 flayed ghosts
  2 spectral anacondas (Snake:1)
  5 naga ritualists
  4 wizards
  4 glowing orange brains
  8 orange crystal statues
  9 necromancers
  3 golden dragon skeletons
  4 shadow dragon zombies
  40 deep elf archers
  A torturous demonspawn (Zig:5)
  11 harpies
  A tengu zombie (Zig:23)
  An anaconda skeleton (Crypt:2)
  16 orc knights
  23 ironbrand convokers
  7 oklob plants
  4 phantasmal warriors
  An orb spider (shapeshifter) (Elf:2)
  3 sphinx zombies
  28 ugly things
  22 orb spiders
  3 mana vipers (shapeshifter)
  2 stone giant zombies
  6 shining eyes
  5 mana vipers
  A manticore (shapeshifter) (Zig:12)
  11 manticores
  A sphinx skeleton (Zig:23)
  24 wolf spiders
  14 salamanders
  2 fauns (shapeshifter)
  103 deep elf magi
  12 orc sorcerers
  A shadow dragon skeleton (Zig:13)
  2 fire giant zombies
  15 cyclopes
  A worldbinder (Zig:20)
  A frost giant zombie (Tomb:2)
  14 moths of wrath
  10 fauns
  2 cyclopes (shapeshifter)
  4 spriggan zombies
  A black mamba (shapeshifter) (Zig:15)
  8 merfolk sirens
  10 rust devils
  2 iron dragon skeletons
  2 ice statues
  22 vault sentinels
  3 apocalypse crabs (Zig:17)
  3 fire giant skeletons
  Maurice (D:12)
  29 naga magi
  A storm dragon simulacrum (Crypt:3)
  2 molten gargoyles (Lair:6)
  An eye of devastation (Zig:8)
  15 elephants
  2 frost giant skeletons
  A torpor snail (shapeshifter) (Zig:12)
  11 water nymphs
  33 black mambas
  3 water nymphs (shapeshifter)
  A spiny frog (shapeshifter) (Vaults:3)
  2 elephant slug zombies (Crypt:2)
  A smoke demon (Zig:20)
  6 gargoyles
  14 spiny frogs
  12 guardian serpents
  A yaktaur (shapeshifter) (Elf:2)
  15 torpor snails
  6 tormentors
  10 rime drakes
  8 komodo dragons
  12 hellions
  26 yaktaurs
  6 anaconda simulacra (IceCv)
  14 demonic crawlers
  2 kobold demonologists (D:12)
  18 ice devils
  20 freezing wraiths
  A catoblepas skeleton (Lair:1)
  54 merfolk
  57 guardian mummies
  3 ancient zymes
  A troll (shapeshifter) (D:15)
  A harpy zombie (D:15)
  2 red devils (Zig:19)
  14 jumping spiders
  A wolf spider simulacrum (IceCv)
  A tengu simulacrum (Vaults:5)
  A meliai (shapeshifter) (Zig:15)
  3 tengu conjurers (D:14)
  A polar bear (shapeshifter) (Vaults:1)
  2 polar bears (Lair:6)
  13 tyrant leeches
  14 trolls
  2 hydra skeletons
  3 wind drakes
  19 bog bodies
  Grinder (D:5)
  2 hydra zombies
  7 snapping turtles
  A fire dragon zombie (Crypt:2)
  5 raiju
  32 hornets
  17 hippogriffs
  5 blink frogs (Swamp:3)
  2 snapping turtles (shapeshifter)
  A hippogriff (shapeshifter) (Zig:15)
  56 slime creatures
  2 frost giant simulacra
  2 spectral black mambas (Snake:1)
  An alligator zombie (Tomb:3)
  2 ettin skeletons
  A fire dragon skeleton (Tomb:3)
  29 redbacks
  2 ice dragon skeletons
  A redback (shapeshifter) (Zig:4)
  84 flying skulls
  6 spriggans
  8 air elementals
  8 shadows
  Sigmund (D:2)
  An alligator skeleton (Tomb:1)
  2 centaur simulacra
  2 vampires
  4 ynoxinuls (Zig:20)
  30 yaks
  5 wyverns
  A shock serpent simulacrum (Snake:1)
  18 ushabtiu
  2 dire elephant simulacra (IceCv)
  8 water elementals
  A black mamba skeleton (Lair:1)
  3 spectral nagas (Snake:1)
  13 tarantellas
  7 wraiths
  A yak (shapeshifter) (Elf:3)
  4 neqoxecs (Zig:20)
  13 fire elementals
  6 hogs
  2 fire bats (D:4)
  4 chaos spawn
  4 hungry ghosts
  5 basilisks
  15 vampire mosquitoes
  An elf simulacrum (Zig:22)
  A harpy simulacrum (IceCv)
  14 swamp worms
  A swamp worm (shapeshifter) (Zig:4)
  A human zombie (Zig:10)
  11 wargs
  30 insubstantial wisps
  11 large abominations
  2 iron troll simulacra (IceCv)
  Menkaure (D:4)
  11 elf zombies
  16 water moccasins
  8 hydra simulacra (IceCv)
  3 acid dragons
  2 spiny frog zombies
  A two-headed ogre skeleton (D:12)
  45 nagas
  3 floating eyes (shapeshifter)
  5 porcupines
  15 hell hounds
  A human skeleton (Zig:13)
  3 ogre skeletons
  16 swamp drakes
  8 ice beasts
  77 orc warriors
  2 spiny frog skeletons
  10 eyes of draining
  3 sky beasts
  A black bear (D:6)
  15 starcursed masses (Zig:20)
  8 necrophages
  3 phantoms
  6 boggarts
  45 ogres
  A manticore zombie (D:15)
  A fire dragon simulacrum (Crypt:3)
  11 elf skeletons
  27 wolves
  15 crocodiles
  6 centaurs
  A manticore skeleton (D:14)
  A big kobold (D:12)
  A wyvern zombie (D:9)
  2 bullfrogs (shapeshifter)
  8 earth elementals
  A gnoll sergeant (D:7)
  An octopode zombie (Crypt:1)
  3 komodo dragon skeletons
  14 bullfrogs
  7 small abominations
  2 yaktaur skeletons (D:12)
  2 water moccasin zombies (Ossuary)
  A water moccasin skeleton (Lair:1)
  A wyvern skeleton (D:13)
  2 cyclops skeletons
  An orc simulacrum (Vaults:1)
  4 scorpions
  An elephant simulacrum (IceCv)
  10 killer bees
  A human simulacrum (Vaults:3)
  2 tengu skeletons
  13 wights
  A polar bear skeleton (Crypt:1)
  2 howler monkeys (D:5)
  6 electric eels
  9 crimson imps
  2 bullfrog zombies
  A quasit (D:5)
  2 centaur zombies
  A demonspawn zombie (Crypt:1)
  A black bear zombie (Crypt:2)
  2 draconian simulacra (IceCv)
  2 bullfrog skeletons
  9 centaur skeletons
  8 hounds
  9 jellies
  38 orc wizards
  44 orc priests
  9 iron imps (Zig:19)
  Crazy Yiuf (D:3)
  4 iguanas
  11 worker ants
  2 hell rats (Lair:3)
  A porcupine skeleton (Lair:1)
  A troll simulacrum (IceCv)
  A wolf simulacrum (IceCv)
  3 big kobold zombies (Ossuary)
  A felid zombie (Crypt:1)
  An ogre zombie (Crypt:2)
  A crocodile skeleton (Lair:1)
  An acid dragon skeleton (D:14)
  A hound zombie (D:7)
  A hound skeleton (D:12)
  60 mummies
  A howler monkey zombie (D:15)
  4 worker ant zombies
  2 howler monkey skeletons
  6 gnolls
  5 naga simulacra
  24 adders
  2 ogre simulacra (IceCv)
  8 river rats (Lair:3)
  5 shadow imps
  15 white imps
  7 ufetubi (IceCv)
  9 oozes
  6 adder zombies
  4 adder skeletons
  An iguana skeleton (D:12)
  2 worms
  A barachi zombie (Crypt:1)
  2 dart slugs (D:3)
  A leopard gecko (D:9)
  115 orcs
  4 ball pythons
  7 bats
  A bat skeleton (D:12)
  3 giant cockroaches
  2 gnoll zombies (Ossuary)
  9 goblins
  8 hobgoblins
  4 jackals
  9 quokkas
  A ball python skeleton (D:13)
  4 frilled lizards
  A goblin skeleton (D:13)
  A goblin zombie (D:13)
  2 hobgoblin skeletons
  5 hobgoblin zombies (Ossuary)
  15 kobolds
  A kobold skeleton (Tomb:1)
  4 kobold zombies (Ossuary)
  A leopard gecko skeleton (D:15)
  5 orc skeletons (D:13)
  8 orc zombies
  A quokka skeleton (D:10)
  4 rats
  3 fungi
  37 plants
3770 creatures vanquished.

Vanquished Creatures (collateral kills)
  A revenant (Zig:16)
1 creature vanquished.

Vanquished Creatures (others)
  2 Killer Klowns
  2 pandemonium lords (Zig:17)
  A sphinx (Zig:15)
  A storm dragon (Zig:15)
  A deep elf annihilator (Elf:3)
  An ice dragon (Zig:22)
  41 dancing weapons
  A thrashing horror (Zig:20)
  A wretched star (Zig:4)
  A shadow wraith (Zig:12)
  3 deep elf magi
  An ugly thing (D:15)
  2 hornets (Zig:10)
  A spriggan (Swamp:4)
  A wraith (Crypt:3)
  A fire elemental (Zig:26)
  A wolf (Gauntlet)
  A boggart (Vaults:3)
  A bullfrog (D:12)
  A ball lightning (Zig:27)
  26 fungi
  19 plants
  4 starspawn tentacles
114 creatures vanquished.

Grand Total: 3885 creatures vanquished

Notes
Turn   | Place    | Note
-------+----------+-------------------------------------------
     0 | D:1      | DildoBatman the Formicid Wizard began the quest for the
                  | Orb.
     0 | D:1      | Reached XP level 1. HP: 13/13 MP: 4/4
    45 | D:1      | Reached skill level 1 in Conjurations
   227 | D:1      | Reached XP level 2. HP: 3/19 MP: 1/6
  1204 | D:2      | Reached XP level 3. HP: 24/24 MP: 4/7
  1209 | D:2      | Learned a level 3 spell: Conjure Flame
  1213 | D:2      | Learned a level 3 spell: Mephitic Cloud
  1871 | D:2      | Reached XP level 4. HP: 30/30 MP: 0/8
  1944 | D:2      | Found a deep blue altar of Sif Muna.
  2442 | D:3      | Found a sparkling altar of Nemelex Xobeh.
  2492 | D:3      | Reached XP level 5. HP: 31/35 MP: 4/9
  2561 | D:3      | Noticed Sigmund
  3081 | D:3      | Found a runed translucent door.
  3082 | D:3      | Noticed Crazy Yiuf
  3100 | D:4      | Found a transporter.
  3175 | D:4      | Found a transporter.
  3195 | D:4      | Noticed a fire bat
  3195 | D:4      | Noticed a fire bat
  3359 | D:4      | Reached skill level 5 in Conjurations
  3359 | D:4      | Reached XP level 6. HP: 21/41 MP: 2/10
  3481 | D:4      | Got a transparent hand axe
  3482 | D:4      | Identified the +0 hand axe of Saltpetre {drain, *Noise
                  | rElec rN+ Dex+3} (You found it on level 4 of the Dungeon)
  3570 | D:4      | Noticed Menkaure
  3604 | D:4      | Found a bloodstained altar of Trog.
  3632 | D:4      | Noticed an ogre
  3667 | D:4      | Killed an ogre
  3919 | D:5      | Entered Level 5 of the Dungeon
  4014 | D:5      | Reached XP level 7. HP: 38/46 MP: 6/11
  4057 | D:5      | Reached skill level 1 in Fire Magic
  4080 | D:5      | Reached skill level 1 in Air Magic
  4337 | D:5      | Noticed Grinder
  5306 | D:5      | Reached XP level 8. HP: 34/52 MP: 8/12
  5985 | D:6      | Found a staircase to the Ecumenical Temple.
  5991 | Temple   | Entered the Ecumenical Temple
  6190 | Temple   | Became a worshipper of Kikubaaqudgha
  6418 | D:6      | Found a glowing silver altar of Zin.
  6501 | D:6      | Found a shadowy altar of Dithmenos.
  6838 | D:5      | Killed Grinder
  6838 | D:5      | Reached skill level 5 in Fire Magic
  6944 | D:2      | Killed Sigmund
  6944 | D:2      | Reached skill level 5 in Air Magic
  6944 | D:2      | Reached XP level 9. HP: 48/57 MP: 3/13
  7156 | D:3      | Killed Crazy Yiuf
  7234 | D:4      | Killed Menkaure
  7234 | D:4      | Reached skill level 1 in Necromancy
  7498 | D:7      | Reached * piety under Kikubaaqudgha
  7498 | D:7      | Identified Kikubaaqudgha's Compendium of Black Rituals
                  | (Kikubaaqudgha gifted it to you on level 7 of the Dungeon)
  7498 | D:7      | Received a gift from Kikubaaqudgha
  7504 | D:7      | Learned a level 2 spell: Sublimation of Blood
  7508 | D:7      | Learned a level 3 spell: Vampiric Draining
  7631 | D:7      | Reached skill level 5 in Necromancy
  7734 | D:7      | Found a sand-covered staircase.
  7789 | Ossuary  | Entered an ossuary
  7883 | Ossuary  | Reached ** piety under Kikubaaqudgha
  8289 | D:7      | Reached XP level 10. HP: 53/63 MP: 6/16
  8927 | D:8      | Found a shattered altar of Ashenzari.
  9075 | D:8      | Reached *** piety under Kikubaaqudgha
  9075 | D:8      | Identified Kikubaaqudgha's Handbook of Necromancy
                  | (Kikubaaqudgha gifted it to you on level 8 of the Dungeon)
  9075 | D:8      | Received a gift from Kikubaaqudgha
  9087 | D:8      | Learned a level 5 spell: Dispel Undead
  9367 | D:8      | Reached skill level 5 in Spellcasting
 10234 | D:9      | Learned a level 5 spell: Borgnjor's Vile Clutch
 10283 | D:9      | Reached skill level 1 in Shields
 10592 | D:10     | Entered Level 10 of the Dungeon
 10615 | D:10     | Got a warped lapis lazuli ring
 10617 | D:10     | Identified the ring of Bumill {+Blink rC- rN+ Int+5 Slay-2}
                  | (You found it on level 10 of the Dungeon)
 10638 | D:10     | Found a staircase to the Lair.
 10697 | D:10     | Reached skill level 1 in Earth Magic
 10697 | D:10     | Reached XP level 11. HP: 60/68 MP: 11/21
 10820 | D:10     | Reached **** piety under Kikubaaqudgha
 10912 | D:10     | Reached skill level 5 in Earth Magic
 11557 | D:11     | Noticed a cyclops
 11569 | D:11     | Killed a cyclops
 11615 | D:11     | Noticed a cyclops
 11787 | D:11     | Killed a cyclops
 11844 | D:11     | Found a staircase to the Orcish Mines.
 12165 | D:11     | Noticed Sonja
 12178 | D:11     | Killed Sonja
 12178 | D:11     | Reached skill level 1 in Fighting
 12178 | D:11     | Reached skill level 1 in Armour
 12616 | Orc:1    | Entered Level 1 of the Orcish Mines
 12616 | Orc:1    | Noticed an orc sorcerer
 12649 | Orc:1    | Noticed a deep elf mage
 12709 | Orc:1    | Noticed a two-headed ogre
 12722 | Orc:1    | Killed a two-headed ogre
 12749 | Orc:1    | Noticed a deep elf archer
 12795 | Orc:1    | Noticed a two-headed ogre
 12802 | Orc:1    | Killed a two-headed ogre
 12819 | Orc:1    | Killed a deep elf mage
 12819 | Orc:1    | Reached XP level 12. HP: 31/80 MP: 8/22
 12857 | Orc:1    | Noticed an ettin
 12864 | Orc:1    | Killed an ettin
 12969 | Orc:1    | Noticed an orc high priest
 12997 | Orc:1    | Killed an orc high priest
 12997 | Orc:1    | Reached skill level 10 in Earth Magic
 13060 | Orc:1    | Noticed an orc warlord
 13107 | Orc:1    | Killed an orc warlord
 13107 | Orc:1    | Reached skill level 10 in Necromancy
 13271 | Orc:1    | Found Hohahoupn's Mass Market.
 13387 | Orc:2    | Entered Level 2 of the Orcish Mines
 13387 | Orc:2    | Noticed a two-headed ogre
 13393 | Orc:2    | Reached ***** piety under Kikubaaqudgha
 13400 | Orc:2    | Killed a two-headed ogre
 13454 | Orc:2    | Noticed a two-headed ogre
 13463 | Orc:2    | Killed a two-headed ogre
 13463 | Orc:2    | Reached skill level 5 in Shields
 13619 | Orc:2    | Noticed Nessos
 13629 | Orc:2    | Killed Nessos
 13922 | Orc:1    | Noticed a stone giant
 14156 | Orc:1    | Reached XP level 13. HP: 76/90 MP: 18/25
 14217 | Orc:1    | Killed a stone giant
 14217 | Orc:1    | Reached skill level 5 in Fighting
 14217 | Orc:1    | Reached skill level 5 in Armour
 14718 | Orc:2    | Found a roughly hewn altar of Beogh.
 14743 | Orc:2    | Found Niaroe Yreps's Armour Boutique.
 14757 | Orc:2    | Reached skill level 5 in Dodging
 14770 | Orc:2    | Found Xavuk Cya's Assorted Antiques.
 14795 | Orc:2    | Bought a triangular blue amulet for 160 gold pieces
 15263 | Orc:2    | Noticed an orc warlord
 15297 | Orc:2    | Killed an orc warlord
 15495 | Orc:2    | Found a staircase to the Elven Halls.
 15691 | Orc:2    | Noticed an orc warlord
 15719 | Orc:2    | Killed an orc warlord
 16002 | Orc:2    | Found Tustratrof's Weapon Shoppe.
 16262 | Orc:2    | Found a roughly hewn altar of Beogh.
 16293 | Orc:2    | Reached ****** piety under Kikubaaqudgha
 16293 | Orc:2    | Reached XP level 14. HP: 84/103 MP: 16/26
 16329 | Orc:1    | Received a gift from Kikubaaqudgha
 16334 | Orc:1    | Fell from the grace of Kikubaaqudgha
 16517 | Temple   | Became a worshipper of Gozag Ym Sagoz the Greedy
 16719 | Orc:2    | Found Cetiah's Weapon Shop.
 16884 | Orc:2    | Bought the +1 shield of Makhleb's Delight {rF++ rC+} for
                  | 738 gold pieces
 16906 | Orc:2    | Bought a paperback book for 480 gold pieces
 17421 | D:12     | Got a twisted mace
 17422 | D:12     | Identified the +5 mace of Checks and Balances {elec, *Slow
                  | rC+++ rN+ Str+9} (You found it on level 12 of the Dungeon)
 17726 | D:12     | Noticed Maurice
 17732 | D:12     | Killed Maurice
 18467 | D:12     | You fall through a shaft for 2 floors!
 19071 | D:14     | Noticed Snorg
 19083 | D:14     | Killed Snorg
 19590 | D:13     | Reached skill level 10 in Armour
 19605 | D:13     | Reached skill level 10 in Fighting
 19838 | D:13     | Found a gate to the Vaults.
 19850 | D:13     | Reached XP level 15. HP: 113/113 MP: 8/28
 20074 | D:13     | Noticed a reaper
 20664 | D:15     | Entered Level 15 of the Dungeon
 20707 | D:15     | Reached skill level 10 in Spellcasting
 20979 | D:15     | Noticed a reaper
 21123 | D:15     | Found the +12 glaive of Prune {chop}
 21619 | D:15     | HP: 3/115 [harpy zombie[the malice of Kikubaaqudgha] (12)]
 21750 | D:15     | Found a staircase to the Depths.
 22270 | Lair:1   | Entered Level 1 of the Lair of Beasts
 22616 | Lair:1   | Noticed a reaper
 22842 | Lair:1   | Found a blossoming altar of Fedhas.
 23251 | Lair:1   | Identified the Guide on Translocation and Self-Knowledge
 23255 | Lair:1   | Got an ancient hand crossbow
 23272 | Lair:1   | Identified the cursed +1 hand crossbow "Roaly" {venom,
                  | Str+3} (You found it on level 1 of the Lair of Beasts)
 23423 | Lair:2   | Was forgiven by Kikubaaqudgha
 23668 | Lair:2   | Reached XP level 16. HP: 98/117 MP: 33/33
 24449 | Lair:3   | Found a staircase to the Swamp.
 25154 | Lair:4   | Found a gate leading to a gauntlet.
 25197 | Gauntlet | Entered a Gauntlet
 25197 | Gauntlet | Found a transporter.
 25197 | Gauntlet | Found a runed translucent door.
 25198 | Gauntlet | Found a runed translucent door.
 25202 | Gauntlet | Found a transporter.
 25204 | Gauntlet | Found a transporter.
 25213 | Gauntlet | Found a transporter.
 25215 | Gauntlet | Found a transporter.
 25224 | Gauntlet | Found a transporter.
 25240 | Gauntlet | Found a transporter.
 25250 | Gauntlet | Found a transporter.
 25260 | Gauntlet | Found a transporter.
 25284 | Gauntlet | Found a transporter.
 25287 | Gauntlet | Found a transporter.
 25305 | Gauntlet | Found a transporter.
 25305 | Gauntlet | Found a transporter.
 25344 | Gauntlet | Found a transporter.
 25461 | Gauntlet | Got a pair of twisted gloves
 25496 | Gauntlet | Identified the +3 pair of gloves of the Turtledove {Regen+
                  | rCorr Str-2 Slay-3} (You found it in a Gauntlet)
 25529 | Gauntlet | Got a pair of distressingly furry boots
 25548 | Gauntlet | Identified the cursed +0 pair of boots of the Guardian
                  | {rElec Dex+7} (You found it in a Gauntlet)
 25609 | Gauntlet | Reached skill level 15 in Spellcasting
 25814 | Lair:4   | Found a staircase to the Snake Pit.
 26174 | Lair:4   | Found a runed translucent door.
 26174 | Lair:4   | Noticed Doot's ghost (journeyman SpEn)
 26185 | Lair:4   | Killed Doot's ghost
 26490 | Lair:5   | Found the +8 whip "Snakebite" {curare, rPois}
 27050 | Lair:6   | Entered Level 6 of the Lair of Beasts
 27134 | Lair:6   | Found a staircase to the Slime Pits.
 27250 | Lair:6   | Found an ornate altar of the Wu Jian Council.
 27699 | Lair:6   | Reached XP level 17. HP: 123/123 MP: 36/36
 28522 | D:10     | Learned a level 3 spell: Regeneration
 28528 | D:10     | Learned a level 5 spell: Bolt of Draining
 28628 | Orc:2    | Bought a potion of heal wounds for 160 gold pieces
 28791 | Swamp:1  | Entered Level 1 of the Swamp
 29030 | Swamp:1  | Learned a level 3 spell: Ozocubu's Armour
 29101 | Swamp:1  | Reached skill level 1 in Charms
 31078 | Swamp:3  | Got a warped long sword
 31297 | Swamp:3  | Identified the +1 long sword "Qizo" {elec, MR- Str+6 Dex+4}
                  | (You found it on level 3 of the Swamp)
 31301 | Swamp:4  | Entered Level 4 of the Swamp
 31488 | Swamp:4  | Found a frozen archway.
 31498 | IceCv    | Entered an ice cave
 31633 | IceCv    | Reached XP level 18. HP: 73/129 MP: 37/37
 32004 | IceCv    | Reached skill level 15 in Necromancy
 32101 | IceCv    | Noticed an Ice Fiend
 32167 | IceCv    | Identified 2 scrolls of acquirement
 32341 | IceCv    | Killed an Ice Fiend
 32358 | IceCv    | Got a pair of heavily runed gloves
 32437 | Swamp:4  | Identified the cursed +0 pair of gloves of the Empire
                  | {rElec rCorr SInv} (You found it in an ice cave)
 32552 | Swamp:4  | Learned a level 5 spell: Lightning Bolt
 33058 | Swamp:4  | Noticed Aizul
 33078 | Swamp:4  | Killed Aizul
 33343 | Swamp:4  | Noticed the 27-headed Lernaean hydra
 33383 | Swamp:4  | Killed the 27-headed Lernaean hydra
 33416 | Swamp:4  | Got a decaying rune of Zot
 33923 | Snake:1  | Entered Level 1 of the Snake Pit
 33924 | Snake:1  | Noticed Asterion
 33934 | Snake:1  | Killed Asterion
 34001 | Snake:1  | Noticed Azrael
 34026 | Snake:1  | Killed Azrael
 34145 | Snake:1  | Found a runed translucent gate.
 34145 | Snake:1  | Found a runed translucent gate.
 34178 | Snake:1  | Noticed Kirke
 34374 | Snake:1  | Found a runed translucent gate.
 34377 | Snake:1  | Noticed grindst0ne's ghost (adept GnWn)
 34408 | Snake:1  | Killed grindst0ne's ghost
 34934 | Snake:2  | Reached XP level 19. HP: 86/135 MP: 21/38
 35042 | Snake:2  | Learned a level 8 spell: Necromutation
 35128 | Snake:2  | Found Roeliad's General Store.
 35145 | Snake:2  | Bought a scroll of identify for 36 gold pieces
 35145 | Snake:2  | Bought an uncursed amulet of magic regeneration for 540
                  | gold pieces
 36156 | Snake:3  | Found Yskac's Jewellery Emporium.
 36571 | Snake:3  | Got a distressingly furry cloak
 36628 | Snake:3  | Identified the +2 cloak of Hangman {Int+2} (You found it on
                  | level 3 of the Snake Pit)
 36895 | Snake:4  | Entered Level 4 of the Snake Pit
 36905 | Snake:4  | Reached skill level 1 in Transmutations
 37268 | Snake:4  | Reached skill level 5 in Transmutations
 37532 | Snake:4  | Reached XP level 20. HP: 89/147 MP: 19/39
 37692 | Snake:4  | Got a serpentine rune of Zot
 37822 | Snake:4  | Found a runed translucent door.
 37826 | Snake:4  | Found a shimmering altar of Xom.
 37826 | Snake:4  | Noticed Mesuenwa's ghost (adept DEWz)
 37841 | Snake:4  | Killed Mesuenwa's ghost
 37841 | Snake:4  | Reached skill level 10 in Transmutations
 38200 | Vaults:1 | Entered Level 1 of the Vaults
 40111 | Vaults:2 | Found a staircase to the Crypt.
 40111 | Vaults:2 | Found an ancient bone altar of Kikubaaqudgha.
 40112 | Vaults:2 | Found a basalt altar of Yredelemnul.
 40188 | Vaults:2 | Got a crude zirconium amulet
 40190 | Vaults:2 | Identified the amulet of Generosity {Reflect +Blink rPois
                  | MR+ Slay-2 SH+5} (You found it on level 2 of the Vaults)
 40393 | Vaults:2 | Reached XP level 21. HP: 143/153 MP: 35/40
 40499 | Vaults:2 | Found Boekit's Food Emporium.
 40583 | Vaults:2 | Noticed Saint Roka
 40592 | Vaults:2 | Killed Saint Roka
 40592 | Vaults:2 | Reached skill level 15 in Transmutations
 40928 | Vaults:2 | Got a crude war axe
 40929 | Vaults:2 | Identified the cursed +1 war axe "Cuwiu" {freeze, -Tele
                  | +Rage Str+8 Stlth-} (You found it on level 2 of the Vaults)
 42185 | Vaults:4 | Learned a level 5 spell: Aura of Abjuration
 42289 | Vaults:4 | Reached XP level 22. HP: 159/159 MP: 30/41
 42637 | Vaults:4 | Reached skill level 1 in Evocations
 43470 | Elf:1    | Entered Level 1 of the Elven Halls
 43501 | Elf:1    | Reached skill level 5 in Summonings
 43725 | Elf:1    | Found a portal to a secret trove of treasure.
 43817 | Elf:1    | Found the amulet of the Four Winds {rN+ MR+++ Clar}
 43964 | Elf:1    | Reached skill level 5 in Evocations
 44882 | Elf:2    | Found a huge runed translucent gate.
 44882 | Elf:2    | Found a huge runed translucent gate.
 44882 | Elf:2    | Found a huge runed translucent gate.
 44886 | Elf:2    | Found a huge runed translucent gate.
 44886 | Elf:2    | Found a huge runed translucent gate.
 45124 | Elf:2    | Noticed Roxanne
 45144 | Elf:2    | Killed Roxanne
 45256 | Elf:2    | Reached XP level 23. HP: 135/165 MP: 28/42
 45613 | Elf:2    | Reached skill level 10 in Evocations
 45630 | Elf:2    | Noticed Agnes
 45638 | Elf:2    | Killed Agnes
 45891 | Elf:3    | Entered Level 3 of the Elven Halls
 45939 | Elf:3    | Found Anobik's Weapon Shoppe.
 45951 | Elf:3    | Found Feficsif's Magic Scroll Shop.
 45953 | Elf:3    | Found Nuwib's Weapon Emporium.
 45957 | Elf:3    | Bought a scroll of identify for 20 gold pieces
 45957 | Elf:3    | Bought a scroll of identify for 20 gold pieces
 45957 | Elf:3    | Bought a scroll of fog for 20 gold pieces
 45957 | Elf:3    | Bought a scroll of identify for 20 gold pieces
 45957 | Elf:3    | Bought a scroll of fog for 20 gold pieces
 45980 | Elf:3    | Found Haesch's Gadget Emporium.
 46009 | Elf:3    | Noticed Nikola
 46025 | Elf:3    | Killed Nikola
 46146 | Elf:3    | Found a deep blue altar of Sif Muna.
 46289 | Elf:3    | Identified the amulet of Joy {Acrobat Int+4 Slay+3}
 46413 | Elf:3    | Identified the +1 buckler of Snakes and Ladders {*Contam
                  | rElec Int+8}
 46571 | Elf:3    | Reached skill level 15 in Earth Magic
 46746 | Elf:3    | Identified the Compendium of Fetching Combat Magic
 46789 | Elf:3    | Got a bound jade amulet
 46962 | Elf:3    | Found Vuuhejob's Gadget Emporium.
 46973 | Elf:3    | Bought a wand of iceblast (7) for 231 gold pieces
 47063 | Elf:3    | Identified the amulet of Generosity {Inacc Int+3} (You
                  | found it on level 3 of the Elven Halls)
 47081 | Elf:3    | Learned a level 6 spell: Darkness
 47087 | Elf:3    | Learned a level 5 spell: Bolt of Magma
 47437 | Lair:4   | Killed Kirke
 47437 | Lair:4   | Reached skill level 1 in Hexes
 47720 | Crypt:1  | Entered Level 1 of the Crypt
 47818 | Crypt:1  | Reached XP level 24. HP: 127/172 MP: 0/42
 47821 | Crypt:1  | Reached skill level 5 in Hexes
 48081 | Crypt:1  | Found the +12 Vampire's Tooth {vamp}
 49219 | Crypt:2  | Reached skill level 10 in Hexes
 49377 | Crypt:3  | Entered Level 3 of the Crypt
 49852 | Crypt:3  | Found an ancient bone altar of Kikubaaqudgha.
 50113 | Crypt:3  | Found the +4 dagger "Morg" {pain, MR+ Int+5}
 50364 | Crypt:3  | Reached XP level 25. HP: 159/177 MP: 6/42
 50438 | Crypt:3  | Found the +3 giant club "Skullcrusher" {speed, Str+7}
 50556 | Crypt:3  | Found a staircase to the Tomb.
 50556 | Crypt:3  | Noticed Jory
 50567 | Crypt:3  | Killed Jory
 50628 | Crypt:3  | Got a pair of polished gloves
 50649 | Crypt:3  | Identified the +0 pair of gloves of Rotation {Int+2} (You
                  | found it on level 3 of the Crypt)
 50670 | Crypt:3  | Learned a level 9 spell: Shatter
 50721 | Tomb:1   | Entered Level 1 of the Tomb of the Ancients
 51166 | Tomb:1   | Noticed a greater mummy
 51176 | Tomb:1   | Killed a greater mummy
 51179 | Tomb:1   | Cast into level 4 of the Abyss (a lich)
 51311 | Tomb:1   | Escaped the Abyss
 51637 | Tomb:1   | Got a twitching lead ring
 51658 | Tomb:1   | Identified the ring "Uczaacull" {Wiz +Blink rC- SInv
                  | Stlth+} (You found it on level 1 of the Tomb of the
                  | Ancients)
 51763 | Tomb:1   | Noticed a greater mummy
 51775 | Tomb:1   | Noticed a greater mummy
 51779 | Tomb:1   | Killed a greater mummy
 51783 | Tomb:1   | Noticed a greater mummy
 51830 | Tomb:1   | Noticed a greater mummy
 51901 | Tomb:1   | Killed a greater mummy
 51931 | Tomb:1   | Killed a greater mummy
 51986 | Tomb:1   | Killed a greater mummy
 52051 | Tomb:1   | Noticed a greater mummy
 52053 | Tomb:1   | Noticed a greater mummy
 52061 | Tomb:1   | Killed a greater mummy
 52062 | Tomb:1   | Noticed a greater mummy
 52066 | Tomb:1   | Killed a greater mummy
 52083 | Tomb:1   | Killed a greater mummy
 52136 | Tomb:1   | Noticed a greater mummy
 52142 | Tomb:1   | Killed a greater mummy
 52163 | Tomb:1   | Noticed a greater mummy
 52171 | Tomb:1   | Killed a greater mummy
 52171 | Tomb:1   | Reached XP level 26. HP: 162/183 MP: 15/42
 52212 | Tomb:1   | Noticed a greater mummy
 52218 | Tomb:1   | Killed a greater mummy
 52218 | Tomb:1   | Reached skill level 10 in Summonings
 52310 | Tomb:1   | Noticed a greater mummy
 52359 | Tomb:1   | Noticed a greater mummy
 52370 | Tomb:1   | Killed a greater mummy
 52375 | Tomb:1   | Killed a greater mummy
 52414 | Tomb:1   | Noticed a greater mummy
 52421 | Tomb:1   | Killed a greater mummy
 52433 | Tomb:1   | Noticed a greater mummy
 52441 | Tomb:1   | Killed a greater mummy
 52464 | Tomb:1   | Noticed a greater mummy
 52470 | Tomb:1   | Killed a greater mummy
 52497 | Tomb:1   | Noticed a greater mummy
 52502 | Tomb:1   | Killed a greater mummy
 52521 | Tomb:1   | Noticed a greater mummy
 52524 | Tomb:1   | Noticed a greater mummy
 52532 | Tomb:1   | Killed a greater mummy
 52534 | Tomb:1   | Killed a greater mummy
 52563 | Tomb:1   | Noticed a greater mummy
 52568 | Tomb:1   | Killed a greater mummy
 53133 | Vaults:5 | Entered Level 5 of the Vaults
 53267 | Vaults:4 | Reached XP level 27. HP: 146/189 MP: 13/42
 53302 | Vaults:5 | Noticed an ancient lich
 53368 | Vaults:5 | Killed an ancient lich
 53383 | Vaults:5 | Noticed an ancient lich
 53384 | Vaults:5 | Identified the ring "Lalo" {rN+ Str+7 Int-5 Dex-3}
 53421 | Vaults:5 | Killed an ancient lich
 53866 | Vaults:5 | Got a translucent wooden ring
 53871 | Vaults:5 | Identified the Volume of Evil Poisoning
 54292 | Vaults:5 | Got a silver rune of Zot
 55003 | Tomb:1   | Identified the ring "Acenit" {Wiz rC+ Dex+4} (You found it
                  | on level 5 of the Vaults)
 55022 | Tomb:1   | Learned a level 2 spell: Passwall
 55032 | Tomb:1   | Learned a level 2 spell: Swiftness
 55062 | Tomb:1   | Bought a faintly humming cloak for 266 gold pieces
 55072 | Tomb:1   | Identified the +2 cloak of the Other World {Int+4} (You
                  | bought it in a shop on level 1 of the Tomb of the Ancients)
 55079 | Tomb:1   | Bought a manual of Spellcasting for 2428 gold pieces
 55079 | Tomb:1   | Bought a translucent cloak for 209 gold pieces
 55079 | Tomb:1   | Bought a potion of heal wounds for 110 gold pieces
 55079 | Tomb:1   | Bought a potion of agility for 88 gold pieces
 55079 | Tomb:1   | Bought a potion of curing for 66 gold pieces
 55079 | Tomb:1   | Bought a scroll of identify for 44 gold pieces
 55081 | Tomb:1   | Bought a scroll of identify for 52 gold pieces
 55081 | Tomb:1   | Bought a manual of Fire Magic for 2870 gold pieces
 55102 | Tomb:1   | Identified the +2 cloak of Maixt {+Fly rF+} (You bought it
                  | in a shop on level 1 of the Tomb of the Ancients)
 55113 | Tomb:1   | Got an ichor-stained shield
 55124 | Tomb:1   | Identified the +2 shield "Birruq" {rElec Str-2 Int+3 Dex+4}
                  | (You acquired it on level 1 of the Tomb of the Ancients)
 55180 | Tomb:1   | Got a jacinth-encrusted scale mail
 55191 | Tomb:1   | Identified the +0 scale mail of Nemelex Xobeh's Anger {rN+}
                  | (You acquired it on level 1 of the Tomb of the Ancients)
 55533 | Tomb:2   | Noticed a greater mummy
 55534 | Tomb:2   | Noticed Boris
 55534 | Tomb:2   | Noticed a greater mummy
 55536 | Tomb:2   | Noticed a greater mummy
 55539 | Tomb:2   | Killed Boris
 55540 | Tomb:2   | Noticed a greater mummy
 55542 | Tomb:2   | Killed a greater mummy
 55551 | Tomb:2   | Killed a greater mummy
 55568 | Tomb:2   | Killed a greater mummy
 55570 | Tomb:2   | Killed a greater mummy
 56110 | Tomb:3   | Entered Level 3 of the Tomb of the Ancients
 56111 | Tomb:3   | Reached skill level 27 in Earth Magic
 56127 | Tomb:3   | Noticed a greater mummy
 56129 | Tomb:3   | Noticed a greater mummy
 56136 | Tomb:3   | Reached skill level 10 in Shields
 56140 | Tomb:3   | Noticed a greater mummy
 56147 | Tomb:3   | Killed a greater mummy
 56154 | Tomb:3   | Noticed a greater mummy
 56161 | Tomb:3   | Killed a greater mummy
 56164 | Tomb:3   | Killed a greater mummy
 56165 | Tomb:3   | Noticed a greater mummy
 56165 | Tomb:3   | Noticed a greater mummy
 56175 | Tomb:3   | Noticed a greater mummy
 56176 | Tomb:3   | Killed a greater mummy
 56176 | Tomb:3   | Noticed Khufu
 56178 | Tomb:3   | Killed a greater mummy
 56178 | Tomb:3   | Killed a greater mummy
 56178 | Tomb:3   | Killed a greater mummy
 56190 | Tomb:3   | Noticed a greater mummy
 56204 | Tomb:3   | Killed Khufu
 56204 | Tomb:3   | Reached skill level 15 in Shields
 56223 | Tomb:3   | Killed a greater mummy
 56554 | Tomb:3   | Identified the Volume of Poison and Moulding
 56632 | Tomb:3   | Got a golden rune of Zot
 56727 | Tomb:3   | Got a bound platinum ring
 56965 | Tomb:3   | Identified the ring "Jycs" {rPois MR- MP+9 Stlth+} (You
                  | found it on level 3 of the Tomb of the Ancients)
 57025 | Zig:1    | Entered Level 1 of a ziggurat
 57058 | Zig:2    | Entered Level 2 of a ziggurat
 57106 | Zig:3    | Entered Level 3 of a ziggurat
 57106 | Zig:3    | Found the +0 sword of Power
 57176 | Zig:4    | Entered Level 4 of a ziggurat
 57181 | Zig:4    | Reached skill level 10 in Fire Magic
 57233 | Zig:5    | Entered Level 5 of a ziggurat
 57237 | Zig:5    | Noticed Moec the pandemonium lord
 57248 | Zig:5    | Killed Moec the pandemonium lord
 57295 | Zig:6    | Entered Level 6 of a ziggurat
 57349 | Zig:6    | Got a scorched marble ring
 57351 | Zig:6    | Got a crystal glaive
 57354 | Zig:6    | Identified the +3 glaive of the Equator {chop, -Tele +Rage
                  | +Fly Dex+4} (You found it on level 6 of a ziggurat)
 57365 | Zig:7    | Entered Level 7 of a ziggurat
 57368 | Zig:7    | Noticed a Killer Klown
 57369 | Zig:7    | Noticed a Killer Klown
 57370 | Zig:7    | Noticed a Killer Klown
 57378 | Zig:7    | Killed a Killer Klown
 57378 | Zig:7    | Killed a Killer Klown
 57380 | Zig:7    | Killed a Killer Klown
 57432 | Zig:7    | Got spiked ice dragon scales
 57443 | Zig:7    | Identified the cursed +0 ice dragon scales of Zaextax {rF-
                  | rC++ Str+2} (You found it on level 7 of a ziggurat)
 57462 | Zig:8    | Entered Level 8 of a ziggurat
 57518 | Zig:8    | Got a faintly glowing lapis lazuli ring
 57532 | Zig:8    | Identified the ring of a Thousand Gods {rF+ MR+ Str+4 SInv}
                  | (You found it on level 8 of a ziggurat)
 57535 | Zig:8    | Identified the ring of Exzycker {rC++ rN+ MP-9 Int+3 SInv}
                  | (You found it on level 6 of a ziggurat)
 57550 | Zig:9    | Entered Level 9 of a ziggurat
 57634 | Zig:10   | Entered Level 10 of a ziggurat
 57705 | Zig:10   | Identified the Grimoire of Earthen Toxins
 57717 | Zig:10   | Got a crude amethyst amulet
 57754 | Zig:10   | Identified the amulet "Kielisay" {Acrobat rPois Str+2} (You
                  | found it on level 10 of a ziggurat)
 57761 | Zig:11   | Entered Level 11 of a ziggurat
 57890 | Zig:12   | Entered Level 12 of a ziggurat
 57902 | Zig:12   | Reached skill level 15 in Summonings
 58015 | Zig:12   | Gained mutation: You occasionally shout uncontrollably at
                  | your foes. [potion of mutation]
 58015 | Zig:12   | Gained mutation: Your muscles are strong. (Str +2) [potion
                  | of mutation]
 58015 | Zig:12   | Gained mutation: You have an increased reservoir of magic.
                  | (+10% MP) [potion of mutation]
 58016 | Zig:12   | Lost mutation: You occasionally shout uncontrollably at
                  | your foes. [potion of mutation]
 58016 | Zig:12   | Lost mutation: Your muscles are strong. (Str +2) [potion of
                  | mutation]
 58016 | Zig:12   | Lost mutation: You have an increased reservoir of magic.
                  | (+10% MP) [potion of mutation]
 58016 | Zig:12   | Gained mutation: You possess an exceptional clarity of
                  | mind. [potion of mutation]
 58016 | Zig:12   | Gained mutation: You are dopey. (Int -2) [potion of
                  | mutation]
 58016 | Zig:12   | Gained mutation: Your flesh is heat resistant. (rF+)
                  | [potion of mutation]
 58016 | Zig:12   | Gained mutation: You are resistant to electric shocks.
                  | (rElec) [potion of mutation]
 58036 | Zig:13   | Entered Level 13 of a ziggurat
 58165 | Zig:13   | Got a warped gossamer ring
 58172 | Zig:13   | Identified the ring "Joveh" {+Fly rPois MR+ Int+2 Dex+3}
                  | (You found it on level 13 of a ziggurat)
 58175 | Zig:14   | Entered Level 14 of a ziggurat
 58198 | Zig:14   | Reached skill level 15 in Fire Magic
 58221 | Zig:14   | Found the +7 great mace "Undeadhunter" {disrupt, rN+}
 58223 | Zig:14   | Found the macabre finger necklace {rN+}
 58270 | Zig:14   | Got a brightly glowing jade ring
 58276 | Zig:14   | Got a translucent silver ring
 58332 | Zig:14   | Identified the ring "Mut Taxt" {rElec rC+ AC+2 Str-5
                  | Stlth+} (You found it on level 14 of a ziggurat)
 58335 | Zig:14   | Identified the ring of Gailunge {*Drain rC+ MP+9 Dex+5}
                  | (You found it on level 14 of a ziggurat)
 58354 | Zig:14   | Learned a level 8 spell: Ignition
 58359 | Zig:15   | Entered Level 15 of a ziggurat
 58446 | Zig:15   | Found the amulet of the Air {Inacc +Fly rElec EV+5 RMsl}
 58461 | Zig:15   | Identified the Papyrus of Creative Feathers
 58512 | Zig:16   | Entered Level 16 of a ziggurat
 58529 | Zig:16   | Noticed an ancient lich
 58530 | Zig:16   | Noticed an ancient lich
 58532 | Zig:16   | Noticed an ancient lich
 58569 | Zig:16   | Killed an ancient lich
 58570 | Zig:16   | Killed an ancient lich
 58578 | Zig:16   | Killed an ancient lich
 58669 | Zig:16   | Found the brooch of Shielding {Reflect SH+8}
 58737 | Zig:17   | Entered Level 17 of a ziggurat
 58758 | Zig:17   | Noticed a juggernaut
 58758 | Zig:17   | Noticed a juggernaut
 58759 | Zig:17   | Noticed a juggernaut
 58766 | Zig:17   | Killed a juggernaut
 58785 | Zig:17   | Killed a juggernaut
 58788 | Zig:17   | Killed a juggernaut
 58938 | Zig:18   | Entered Level 18 of a ziggurat
 58968 | Zig:18   | Reached skill level 10 in Air Magic
 59021 | Zig:18   | Found the +8 longbow "Zephyr" {speed, Dex+3 SInv}
 59080 | Zig:18   | Got a steaming tin ring
 59085 | Zig:18   | Got a smoking jade ring
 59141 | Zig:18   | Identified the ring "Tepnom Urejo" {*Tele rF++ Str+2 Int+2}
                  | (You found it on level 18 of a ziggurat)
 59143 | Zig:18   | Identified the ring "Taiwn" {+Inv rC+ AC+4 SInv} (You found
                  | it on level 18 of a ziggurat)
 59151 | Zig:19   | Entered Level 19 of a ziggurat
 59179 | Zig:19   | Reached skill level 5 in Stealth
 59186 | Zig:19   | Reached skill level 10 in Stealth
 59365 | Zig:19   | Learned a level 6 spell: Deflect Missiles
 59368 | Zig:20   | Entered Level 20 of a ziggurat
 59394 | Zig:20   | Reached skill level 5 in Charms
 59397 | Zig:20   | Reached skill level 15 in Stealth
 59437 | Zig:20   | Found the +4 skin of Zhor {Hibernate rC+++ SInv}
 59447 | Zig:20   | Found the +5 robe of Night {Dark MR+ SInv}
 59528 | Zig:20   | Identified the Tome of the Arsonist and Transmigration
 59538 | Zig:20   | Got a translucent ivory ring
 59573 | Zig:20   | Identified the ring "Loehosew" {rF+ Str+3} (You found it on
                  | level 20 of a ziggurat)
 59592 | Zig:20   | Got a transparent triple sword
 59593 | Zig:20   | Identified the +7 triple sword "Jettoc" {flame, *Drain
                  | rC+++ MR+ Str-3} (You found it on level 20 of a ziggurat)
 59616 | Zig:21   | Entered Level 21 of a ziggurat
 59779 | Zig:21   | Found the +6 arbalest "Damnation" {damnation}
 59779 | Zig:21   | Found the +3 Elemental Staff {rElec rF++ rC++ MR++ AC+5}
 59793 | Zig:21   | Got a transparent pewter ring
 59839 | Zig:21   | Identified the ring "Qothuiv" {rPois rC+ rN+ Str-4 Int+7}
                  | (You found it on level 21 of a ziggurat)
 59858 | Zig:22   | Entered Level 22 of a ziggurat
 59870 | Zig:22   | Noticed a shard shrike
 59879 | Zig:22   | Killed a shard shrike
 59894 | Zig:22   | Noticed a shard shrike
 59925 | Zig:22   | Killed a shard shrike
 59974 | Zig:22   | Noticed a shard shrike
 59978 | Zig:22   | Noticed a shard shrike
 59985 | Zig:22   | Killed a shard shrike
 59991 | Zig:22   | Killed a shard shrike
 59991 | Zig:22   | Reached skill level 15 in Air Magic
 60007 | Zig:22   | Noticed a shard shrike
 60050 | Zig:22   | Killed a shard shrike
 60115 | Zig:22   | Found the +0 Maxwell's etheric cage {RegenMP+ *Contam rElec
                  | MP+4}
 60122 | Zig:22   | Identified the Grimoire of Flames
 60154 | Zig:22   | Got a scintillating wooden ring
 60162 | Zig:22   | Got a shimmering jade ring
 60207 | Zig:22   | Learned a level 9 spell: Tornado
 60208 | Zig:23   | Entered Level 23 of a ziggurat
 60253 | Zig:23   | Noticed a shard shrike
 60263 | Zig:23   | Killed a shard shrike
 60287 | Zig:23   | Noticed a shard shrike
 60299 | Zig:23   | Killed a shard shrike
 60323 | Zig:23   | Noticed a shard shrike
 60370 | Zig:23   | Killed a shard shrike
 60487 | Zig:23   | Identified the Reference Book on Hexes
 60500 | Zig:23   | Identified the ring "Gumosch" {Wiz rC+} (You found it on
                  | level 22 of a ziggurat)
 60502 | Zig:23   | Identified the ring "Ryona" {+Inv Int+2 Dex-2 SInv Stlth+}
                  | (You found it on level 22 of a ziggurat)
 60528 | Zig:24   | Entered Level 24 of a ziggurat
 60835 | Zig:24   | Identified the Compendium of Creative Talismans
 60863 | Zig:25   | Entered Level 25 of a ziggurat
 61054 | Zig:25   | Identified the Compendium of Love and Death
 61068 | Zig:25   | Identified the Guide on Calling and Flames
 61079 | Zig:25   | Identified Ruufar's Guide on Aerial Ignition
 61084 | Zig:25   | Identified the Papyrus of Creation
 61168 | Zig:26   | Entered Level 26 of a ziggurat
 61439 | Zig:26   | Found the +0 pair of fencer's gloves {Riposte Dex+3}
 61439 | Zig:26   | Found the +1 cloak of Starlight {rElec rC+ EV+4 Stlth--}
 61440 | Zig:26   | Found the +7 longbow "Piercer" {penet, EV-2}
 61461 | Zig:26   | Identified Sif Muna's Collected Works on Helpful Creation
 61471 | Zig:26   | Identified the Incunabulum of Excruciating Malediction
 61481 | Zig:26   | Got a smoking lead ring
 61482 | Zig:26   | Identified the cursed ring of Prescription {rC+ Str-3 Int+2
                  | Slay+3} (You found it on level 26 of a ziggurat)
 61487 | Zig:26   | Got a scintillating jade ring
 61489 | Zig:26   | Identified the ring "Lapef" {rElec rC+ Str+4 Int-2 SInv}
                  | (You found it on level 26 of a ziggurat)
 61506 | Zig:26   | Got a sparkling turquoise ring
 61518 | Zig:26   | Identified the ring "Muolyts" {rCorr rC+ Str+3} (You found
                  | it on level 26 of a ziggurat)
 61530 | Zig:27   | Entered Level 27 of a ziggurat
 62009 | Zig:27   | Got an ichor-stained cloak
 62029 | Tomb:3   | Identified the +2 cloak of Pride {Stlth+} (You found it on
                  | level 27 of a ziggurat)
 62512 | Elf:1    | You paid a toll of a +6 demon trident to enter a treasure
                  | trove
 62513 | Trove    | Entered a treasure trove
 62542 | Trove    | Got a warped pewter ring
 62544 | Trove    | Got a wavering wooden ring
 62546 | Trove    | Got a crude brass amulet
 62622 | Elf:1    | Identified the ring "Meakk" {-Tele rC+ MR++ Int+4 Stlth+}
                  | (You found it in a treasure trove)
 62625 | Elf:1    | Identified the ring of Belitul {*Slow +Inv rPois rC+ MR+}
                  | (You found it in a treasure trove)
 62628 | Elf:1    | Identified the amulet of the Chupacabra {Acrobat +Inv rF-
                  | Dex-5 Stlth+} (You found it in a treasure trove)
 63120 | Zig:1    | Entered Level 1 of a ziggurat
 63173 | Zig:2    | Entered Level 2 of a ziggurat
 63237 | Zig:3    | Entered Level 3 of a ziggurat
 63293 | Zig:4    | Entered Level 4 of a ziggurat
 63346 | Zig:5    | Entered Level 5 of a ziggurat
 63423 | Zig:6    | Entered Level 6 of a ziggurat
 63502 | Zig:7    | Entered Level 7 of a ziggurat
 63507 | Zig:7    | Noticed a Killer Klown
 63508 | Zig:7    | Noticed a Killer Klown
 63509 | Zig:7    | Noticed Wufuus the pandemonium lord
 63511 | Zig:7    | Noticed a Killer Klown
 63512 | Zig:7    | Noticed a Killer Klown
 63512 | Zig:7    | Noticed a Killer Klown
 63519 | Zig:7    | Killed a Killer Klown
 63519 | Zig:7    | Killed a Killer Klown
 63520 | Zig:7    | Killed a Killer Klown
 63520 | Zig:7    | Killed a Killer Klown
 63520 | Zig:7    | Killed a Killer Klown
 63534 | Zig:7    | Killed Wufuus the pandemonium lord
 63604 | Zig:8    | Entered Level 8 of a ziggurat
 63681 | Zig:9    | Entered Level 9 of a ziggurat
 63795 | Zig:10   | Entered Level 10 of a ziggurat
 63800 | Zig:10   | Noticed a greater mummy
 63803 | Zig:10   | Noticed a greater mummy
 63804 | Zig:10   | Noticed a greater mummy
 63805 | Zig:10   | Noticed a greater mummy
 63808 | Zig:10   | Killed a greater mummy
 63812 | Zig:10   | Killed a greater mummy
 63815 | Zig:10   | Killed a greater mummy
 63815 | Zig:10   | Killed a greater mummy
 63926 | Zig:10   | Identified Oret's Reference Book on the Supportive Voyage
 63944 | Zig:11   | Entered Level 11 of a ziggurat
 64074 | Zig:11   | Identified the Disquisition on Changing and Good Luck
 64142 | Zig:12   | Entered Level 12 of a ziggurat
 64226 | Zig:12   | Identified the Volume of Entrancing Air
 64267 | Zig:13   | Entered Level 13 of a ziggurat
 64277 | Zig:13   | Noticed a juggernaut
 64277 | Zig:13   | Noticed a juggernaut
 64281 | Zig:13   | Killed a juggernaut
 64284 | Zig:13   | Killed a juggernaut
 64286 | Zig:13   | Found the +8 storm bow {elec}
 64291 | Zig:13   | Found the +5 robe of Misfortune {*Contam Harm *Corrode
                  | *Drain *Slow EV+5}
 64321 | Zig:13   | Identified the Incunabulum of Virous Weightlessness
 64331 | Zig:13   | Got a heavily runed steel ring
 64457 | Zig:14   | Entered Level 14 of a ziggurat
 64473 | Zig:14   | Found the +8 lance "Wyrmbane" {slay drac, rPois rF+ rC+
                  | AC+3}
 64473 | Zig:14   | Found the +7 Kryia's mail coat {PotionHeal*2 rC+}
 64562 | Zig:14   | Identified the Tome of Glacial Evil Arts
 64582 | Zig:14   | Identified Fyreafoe's Almanac of the Warped Escort
 64612 | Zig:14   | Identified the ring "Retadewn" {*Contam +Fly rElec rPois
                  | Int+4} (You found it on level 13 of a ziggurat)
 64621 | Zig:15   | Entered Level 15 of a ziggurat
 64638 | Zig:15   | Noticed an ancient lich
 64639 | Zig:15   | Reached skill level 27 in Air Magic
 64646 | Zig:15   | Killed an ancient lich
 64694 | Zig:15   | Got a crude steel ring
 64785 | Zig:15   | Identified the ring "Jelef" {+Fly MP+9} (You found it on
                  | level 15 of a ziggurat)
 64788 | Zig:16   | Entered Level 16 of a ziggurat
 64808 | Zig:16   | Found the +7 captain's cutlass {speed, disarm}
 64996 | Zig:17   | Entered Level 17 of a ziggurat
 65001 | Zig:17   | Noticed a Killer Klown
 65001 | Zig:17   | Noticed Fabakouh the pandemonium lord
 65007 | Zig:17   | Noticed Meajagg the pandemonium lord
 65015 | Zig:17   | Noticed a Killer Klown
 65018 | Zig:17   | Killed Fabakouh the pandemonium lord
 65020 | Zig:17   | Noticed Zuichy the pandemonium lord
 65021 | Zig:17   | Noticed Uqish the pandemonium lord
 65021 | Zig:17   | Noticed Joucseh the pandemonium lord
 65021 | Zig:17   | Killed Meajagg the pandemonium lord
 65021 | Zig:17   | Killed a Killer Klown
 65022 | Zig:17   | Noticed Cofea the pandemonium lord
 65022 | Zig:17   | Noticed a Killer Klown
 65025 | Zig:17   | Noticed a Killer Klown
 65026 | Zig:17   | Noticed Acoon the pandemonium lord
 65027 | Zig:17   | Noticed Zojafut the pandemonium lord
 65028 | Zig:17   | Killed a Killer Klown
 65029 | Zig:17   | Killed Zuichy the pandemonium lord
 65029 | Zig:17   | Noticed Obroirel the pandemonium lord
 65030 | Zig:17   | Killed a Killer Klown
 65030 | Zig:17   | Noticed Feawercha the pandemonium lord
 65032 | Zig:17   | Noticed Esuac the pandemonium lord
 65034 | Zig:17   | Killed a Killer Klown
 65034 | Zig:17   | Killed Uqish the pandemonium lord
 65035 | Zig:17   | HP: 1/192 [Acoon the pandemonium lord (34)]
 65035 | Zig:17   | Killed from afar by Obroirel the pandemonium lord

Skill      XL: |  1  2  3  4  5  6  7  8  9 10 11 12 13 14 15 16 17 18 19 20 21 22 23 24 25 26 27 |
---------------+----------------------------------------------------------------------------------+-----
Conjurations   | 1 2 3 4 5 6 |  6.0
Fire Magic     | 3 5 18 | 18.4
Air Magic      | 2 5 27 | 27.0
Necromancy     | 6 9 10 11 14 17 19 | 19.0
Spellcasting   | 4 6 8 9 13 15 18 | 18.9
Shields        | 2 4 5 8 9 15 | 15.4
Earth Magic    | 2 9 10 12 15 18 20 24 27 | 27.0
Fighting       | 2 4 7 10 | 10.5
Armour         | 2 4 7 10 | 10.6
Dodging        | 3 4 6 8 |  8.6
Charms         | 4 6 |  6.0
Transmutations | 8 14 18 19 22 | 22.5
Summonings     | 6 9 10 16 | 16.7
Evocations     | 9 12 | 12.4
Hexes          | 4 10 | 10.0
Stealth        | 16 | 16.6
Translocations | |  0.8

Action                   |  1- 3 |  4- 6 |  7- 9 | 10-12 | 13-15 | 16-18 | 19-21 | 22-24 | 25-27 || total
-------------------------+-------+-------+-------+-------+-------+-------+-------+-------+-------++-------
Melee: Dagger            |     9 |       |       |       |       |       |       |       |       ||     9
       Morningstar       |     5 |    27 |   128 |    58 |       |       |       |       |       ||   218
       Spear             |       |       |    64 |       |       |       |       |       |       ||    64
       Hand axe          |       |       |     9 |       |       |       |       |       |       ||     9
       Short sword       |       |       |       |   144 |       |       |       |       |       ||   144
       Halberd           |       |       |       |    19 |       |       |       |       |       ||    19
       Trident           |       |       |       |    99 |   164 |       |       |       |       ||   263
       Mace              |       |       |       |       |   207 |    17 |       |       |       ||   224
       Glaive            |       |       |       |       |   146 |   877 |   442 |   617 |   100 ||  2182
       Whip              |       |       |       |       |       |    39 |       |       |       ||    39
       Unarmed           |       |       |       |       |       |     8 |       |       |       ||     8
       Staff             |       |       |       |       |       |       |       |     2 |    29 ||    31
 Fire: Blowgun           |       |       |       |     3 |       |       |       |       |       ||     3
       Longbow           |       |       |       |    30 |    36 |       |       |       |       ||    66
Throw: Stone             |       |     2 |       |     4 |       |       |       |       |       ||     6
 Cast: Magic Dart        |    89 |    74 |   135 |    69 |    16 |    12 |       |       |       ||   395
       Mephitic Cloud    |       |     7 |    19 |    46 |    74 |    12 |       |     1 |       ||   159
       Conjure Flame     |       |     3 |    29 |    43 |   104 |    56 |    10 |     4 |     1 ||   250
       Dispel Undead     |       |       |       |     9 |     8 |    18 |    15 |    74 |   102 ||   226
       Borgnjor's Vile C |       |       |       |    51 |   161 |   255 |   237 |   270 |   279 ||  1253
       Vampiric Draining |       |       |       |    11 |    32 |       |       |       |       ||    43
       Sublimation of Bl |       |       |       |       |     6 |    20 |     7 |    25 |     6 ||    64
       Regeneration      |       |       |       |       |       |    32 |    15 |    17 |    12 ||    76
       Lightning Bolt    |       |       |       |       |       |     2 |       |       |       ||     2
       Bolt of Draining  |       |       |       |       |       |       |   106 |    50 |       ||   156
       Ozocubu's Armour  |       |       |       |       |       |       |     5 |     6 |    22 ||    33
       Necromutation     |       |       |       |       |       |       |     6 |    65 |   126 ||   197
       Bolt of Magma     |       |       |       |       |       |       |       |     8 |    12 ||    20
       Aura of Abjuratio |       |       |       |       |       |       |       |       |    25 ||    25
       Shatter           |       |       |       |       |       |       |       |       |   298 ||   298
       Ignition          |       |       |       |       |       |       |       |       |    73 ||    73
       Tornado           |       |       |       |       |       |       |       |       |    24 ||    24
Invok: Receive Necronomi |       |       |       |       |     1 |       |       |       |       ||     1
       Renounce Religion |       |       |       |       |     1 |       |       |       |       ||     1
       Potion Petition   |       |       |       |       |       |       |       |     1 |    22 ||    23
       Call Merchant     |       |       |       |       |       |       |       |       |     4 ||     4
 Abil: Dig               |       |     3 |     9 |    23 |    24 |    19 |     5 |     4 |       ||    87
       End Transformatio |       |       |       |       |       |       |     2 |     9 |    15 ||    26
Evoke: Wand              |       |       |     8 |     8 |     3 |       |     2 |       |     1 ||    22
       Fan of gales      |       |       |       |     1 |       |       |       |       |     6 ||     7
       Lamp of fire      |       |       |       |       |       |       |     1 |       |     7 ||     8
       Phial of floods   |       |       |       |       |       |       |     1 |       |     2 ||     3
       Staff of energy   |       |       |       |       |       |       |       |    59 |  1231 ||  1290
       Lightning rod     |       |       |       |       |       |       |       |       |     5 ||     5
       Crystal ball of e |       |       |       |       |       |       |       |       |     2 ||     2
       Figurine of a zig |       |       |       |       |       |       |       |       |     2 ||     2
  Use: Scroll            |       |     1 |     4 |     6 |    12 |    18 |     5 |     6 |    57 ||   109
       Potion            |       |       |       |       |     6 |     1 |     1 |     1 |    18 ||    27
 Stab: Sleeping          |       |     1 |     2 |     2 |     2 |     4 |     2 |     1 |       ||    14
       Confused          |       |       |     5 |     8 |     8 |     3 |       |     1 |       ||    25
       Paralysed         |       |       |    10 |    17 |       |       |       |       |       ||    27
       Distracted        |       |       |       |       |     2 |    14 |     2 |     1 |     2 ||    21
       Petrified         |       |       |       |       |       |     2 |       |       |       ||     2
  Eat: Chunk             |     3 |     8 |    14 |    38 |    23 |     5 |       |       |       ||    91
       Ration            |       |       |     1 |       |    13 |    12 |     7 |     5 |     7 ||    45
Armor: Robe              |    11 |     3 |    19 |    32 |    67 |     1 |       |       |       ||   133
       Acid dragon scale |       |       |       |    42 |     9 |       |       |       |       ||    51
       Troll leather arm |       |       |       |       |       |   436 |   134 |   323 |   464 ||  1357
Dodge: Dodged            |    30 |    31 |    87 |   152 |   218 |   773 |   385 |   622 |   660 ||  2958
Block: Buckler           |       |       |       |    31 |    20 |       |       |       |       ||    51
       Shield            |       |       |       |       |   213 |   773 |   341 |   504 |   231 ||  2062
       Large shield      |       |       |       |       |       |       |       |       |  1028 ||  1028
